Map: Shrines of Lizul

Players

MaxGio - Winner!

  • Race: Zerg Zerg
  • League: Platinum
  • Spawn Location: 9:00

Jhony - Winner!

  • Race: Terran Terran
  • League: Gold
  • Spawn Location: 6:00

MonstroTown

  • Race: Terran Terran
  • Spawn Location: 3:00

Michael

  • Race: Zerg Zerg
  • League: Gold
  • Spawn Location: 12:00

VOD

Have the link to the VOD?

Description

Time

  • Played on: Sept. 25, 2018, 7:33 p.m.
  • Length: 12:08
Show
View Real Time Build Order
Export as new Build Order

MaxGio Zerg - Winner!

Build Orders: Hatch First, Muta Ling Bane, Zergling Baneling 

Get SALT Encoding   

  12  0:03  Drone  
  13  0:15  Overlord  
  13  0:18  Drone  
  14  0:37  Drone x3  
  18  0:50  Drone  
  18  0:54  Extractor  
  17  1:01  Hatchery  
  16  1:09  Drone  
  17  1:18  Spawning Pool  
  16  1:40  Drone x3  
  19  1:51  Overlord  
  19  2:06  Metabolic Boost, Queen  
  21  2:10  Zergling x2  
  21  2:12  Queen  
  24  2:19  Zergling x4  
  26  2:30  Zergling x4  
  26  2:45  Zergling x8  
  30  2:57  Zergling x4  
  30  3:14  Zergling x4  
  30  3:17  Overlord  
  32  3:22  Drone  
  33  3:42  Baneling Nest  
  32  3:50  Overlord  
  32  3:58  Drone x2  
  32  3:59  Drone x5  
  32  4:01  Hatchery  
  38  4:11  Zergling x10  
  43  4:19  Drone x2  
  43  4:23  Overlord  
  45  4:28  Baneling x3  
  45  4:29  Baneling  
  45  4:34  Baneling x3  
  45  4:35  Baneling, Zergling x2  
  46  4:41  Drone x2  
  35  5:07  Zergling x2  
  35  5:08  Zergling x16  
  35  5:10  Baneling x3  
  44  5:19  Extractor  
  43  5:21  Drone  
  43  5:22  Drone  
  43  5:25  Drone x5  
  43  5:26  Extractor, Queen  
  43  5:28  Extractor  
  49  5:53  Drone x3  
  49  5:54  Overlord, Drone x4  
  49  5:55  Overlord x2  
  56  6:09  Lair  
  56  6:14  Overlord  
  56  6:15  Roach Warren  
  56  6:18  Drone x4  
  58  6:19  Drone  
  60  6:33  Drone x3  
  60  6:36  Overlord  
  60  6:37  Extractor x2  
  60  6:39  Drone  
  63  6:40  Drone x4  
  63  6:41  Overlord  
  66  6:55  Drone x4  
  66  6:56  Drone x3  
  73  7:17  Hatchery  
  73  7:18  Overlord, Spire  
  73  7:19  Overlord  
  71  7:39  Overlord x2  
  71  7:40  Overseer  
  71  7:46  Drone  
  71  7:47  Drone x6  
  78  7:52  Overlord  
  78  7:58  Centrifical Hooks  
  78  8:31  Mutalisk  
  78  8:32  Mutalisk x15  
  110  8:38  Zerg Flyer Weapons Level 1  
  110  8:50  Spore Crawler, Mutalisk x2  
  110  8:52  Spore Crawler  
  110  8:53  Overlord x3  
  112  8:56  Overseer  
  112  8:59  Evolution Chamber  
  112  9:00  Evolution Chamber  
  110  9:03  Mutalisk x2  
  114  9:12  Mutalisk  
  114  9:13  Mutalisk  
  114  9:14  Extractor  
  114  9:16  Extractor  
  116  9:34  Mutalisk x3  
  116  9:46  Mutalisk x2  
  112  9:53  Mutalisk  
  111  10:07  Mutalisk  
  111  10:08  Mutalisk x2  
  115  10:17  Mutalisk  
  115  10:20  Zergling x24  
  115  10:21  Zergling x2  
  130  10:43  Mutalisk x5  
  140  11:07  Infestation Pit  
  140  11:10  Mutalisk x2  
Show
View Real Time Build Order
Export as new Build Order

Jhony Terran - Winner!

Build Orders: Bio Tank 

Get SALT Encoding   

  12  0:26  Supply Depot  
  12  0:27  Refinery  
  12  0:28  SCV  
  13  0:47  SCV  
  13  0:49  Barracks  
  14  1:08  SCV  
  15  1:30  Barracks  
  15  1:38  Orbital Command  
  15  1:39  Marine  
  16  1:48  Supply Depot  
  16  2:22  Factory  
  16  2:23  Marine x2  
  16  2:26  SCV  
  19  2:32  Refinery  
  19  2:54  Marine x2  
  21  3:12  Marine x2  
  23  3:18  Factory Tech Lab  
  23  3:24  Command Center  
  23  3:33  Marine x2  
  25  3:37  SCV  
  26  3:49  SCV  
  26  3:50  Siege Tank  
  30  4:03  Marine  
  31  4:15  Supply Depot  
  31  4:25  Barracks Tech Lab  
  31  4:32  Supply Depot  
  31  4:35  Siege Tank, Marine  
  31  4:37  Engineering Bay, SCV  
  36  4:49  SCV  
  34  5:02  Marine x2  
  33  5:17  Siege Tank  
  33  5:19  SCV, Marine x2  
  39  5:24  Orbital Command  
  39  5:31  SCV  
  40  5:37  Marine x2  
  40  5:40  Stimpack  
  42  5:56  Marine x2  
  44  5:58  Siege Tank  
  47  6:07  SCV  
  48  6:13  SCV  
  50  6:19  SCV  
  50  6:21  Supply Depot  
  50  6:22  Supply Depot  
  50  6:25  SCV, Barracks Reactor  
  51  6:29  Marine  
  51  6:30  Siege Tank  
  51  6:31  SCV  
  56  6:37  SCV  
  57  6:43  SCV  
  58  6:47  Marine  
  60  6:54  SCV  
  60  7:03  Barracks  
  60  7:05  Marine  
  61  7:20  Starport  
  61  7:22  Barracks  
  61  7:23  SCV x2, Marine  
  61  7:27  Command Center, Refinery  
  64  7:32  Refinery  
  64  7:34  Marine  
  64  7:35  Marine  
  66  7:38  SCV x2  
  66  7:41  Combat Shields, Marine  
  66  7:43  Supply Depot  
  69  7:51  Siege Tank  
  69  7:52  Marine  
  69  7:57  Starport  
  73  7:59  Marine  
  74  8:11  Marine x2  
  74  8:12  Marine x2  
  78  8:15  Medivac  
  78  8:17  Marine  
  81  8:24  SCV x2  
  83  8:29  Marine x3  
  86  8:38  Supply Depot, Marine  
  86  8:39  Supply Depot x2  
  86  8:40  SCV x3  
  90  8:44  Refinery  
  90  8:45  Medivac  
  92  8:50  Marine x2  
  92  8:51  Marine x2  
  92  8:52  SCV  
  97  8:56  Marine  
  97  8:59  Concussive Shells  
  96  9:07  Marine  
  60  9:49  Marine  
  60  9:50  Marine x4  
  60  9:52  Siege Tank  
  54  10:07  Marine x2  
  54  10:08  Marine x3  
  52  10:16  Medivac  
  52  10:22  Liberator  
  52  10:24  Siege Tank  
  52  10:25  Marine  
  52  10:26  Marine x2  
  47  10:43  Marine x2  
  47  10:44  Marine  
  45  11:01  Marine x2  
  45  11:02  Marine  
  46  11:13  Viking  
  48  11:19  Marine x3  
  51  11:30  SCV  
  51  11:31  SCV  
  51  11:32  Orbital Command  
  53  11:37  Marine x3  
  56  11:43  SCV x2  
  58  11:55  SCV  
Show
View Real Time Build Order
Export as new Build Order

MonstroTown Terran 

Build Orders:  

Get SALT Encoding   

  12  0:00  SCV  
  13  0:12  SCV  
  14  0:18  Supply Depot  
  14  0:25  SCV  
  15  0:39  SCV  
  15  0:40  Barracks  
  16  0:51  SCV  
  16  0:55  Barracks  
  17  1:03  SCV  
  18  1:13  Barracks  
  18  1:19  SCV  
  19  1:27  Supply Depot, Marine  
  20  1:35  SCV  
  21  1:44  Barracks  
  21  1:46  Marine  
  22  2:00  SCV  
  22  2:01  Marine  
  24  2:05  Marine  
  25  2:10  Bunker  
  25  2:11  Marine  
  26  2:18  Marine  
  26  2:22  Supply Depot  
  27  2:24  Marine  
  28  2:46  Marine  
  28  2:47  Marine x3  
  29  3:04  Marine x2  
  29  3:05  Marine x2  
  31  3:12  Refinery  
  30  3:22  Marine x3  
  30  3:23  Marine  
  30  3:25  Orbital Command  
  30  3:26  Refinery  
  34  3:40  Marine x4  
  38  3:58  Marine  
  39  4:04  Marine x3  
  39  4:08  Command Center  
  42  4:17  Marine  
  43  4:26  Factory  
  43  4:32  Supply Depot  
  43  4:34  Marine  
  44  4:42  Marine x2  
  46  4:59  Marine x2  
  47  5:00  Marine  
  47  5:07  Marine  
  34  5:10  Factory Tech Lab  
  34  5:16  Marine  
  35  5:29  Bunker, Marine x2  
  35  5:32  Bunker  
  37  5:36  Marine  
  38  5:44  Marine  
  38  5:47  Marine  
  40  5:52  Siege Tank  
  40  5:54  SCV  
  44  6:05  Marine  
  44  6:06  Bunker, Marine  
  46  6:16  Barracks Tech Lab  
  46  6:18  Marine  
  47  6:34  Marine x2  
  47  6:36  Siege Tank, Marauder  
  47  6:38  Supply Depot  
  54  6:51  Starport, Marine  
  55  7:01  Stimpack  
  55  7:06  Supply Depot  
  55  7:19  Marine x2  
  55  7:20  Marine  
  58  7:30  Medivac  
  58  7:35  Marine  
  61  7:37  Marine  
  61  7:40  Marine  
  63  8:04  Marine x3  
  63  8:05  Medivac  
  65  8:30  Marine x2  
  65  8:31  Marauder  
  69  8:39  Marine  
  70  8:41  Siege Tank  
  73  8:49  Marine x2  
  73  8:53  Marauder  
  77  8:57  Marine  
  78  9:07  Marine  
  76  9:18  Marine x3  
  79  9:25  Marine  
  70  9:35  Marine  
  31  9:53  Marine x4  
  34  10:12  Medivac, Marauder  
  34  10:13  Siege Tank, Marine x3  
  44  10:33  Marauder  
  46  10:37  Marine  
  46  10:38  Marine x2  
  48  10:44  Engineering Bay  
  37  10:54  Marine  
  37  10:55  Marine x2  
  37  10:56  Marine  
  41  11:13  Missile Turret  
  41  11:14  Missile Turret  
  41  11:18  Marine x2  
  41  11:19  Missile Turret, Marine  
  44  11:38  Marine x4  
Show
View Real Time Build Order
Export as new Build Order

Michael Zerg 

Build Orders: Pool First 

Get SALT Encoding   

  12  0:01  Drone  
  13  0:13  Overlord  
  13  0:18  Drone  
  14  0:31  Drone x2  
  14  0:35  Drone  
  17  0:39  Extractor  
  16  0:45  Drone  
  17  0:53  Spawning Pool  
  17  0:56  Drone  
  17  1:07  Drone  
  18  1:28  Hatchery  
  18  1:29  Drone  
  18  1:32  Drone  
  18  1:39  Drone  
  20  1:46  Metabolic Boost  
  20  1:55  Queen  
  22  2:02  Overlord  
  22  2:16  Roach Warren  
  22  2:17  Zergling x2  
  22  2:20  Zergling x2  
  22  2:22  Zergling x2  
  24  2:33  Zergling x2  
  24  2:36  Queen  
  27  2:41  Overlord  
  27  3:04  Zergling x8  
  28  3:14  Queen  
  28  3:16  Drone x3  
  28  3:19  Drone  
  34  3:30  Zergling x2, Spine Crawler  
  34  3:31  Zergling x2  
  35  3:44  Lair  
  35  3:45  Zergling x2  
  36  3:50  Overlord  
  36  3:55  Overlord  
  36  4:09  Overlord  
  36  4:12  Roach x2  
  36  4:13  Roach  
  42  4:17  Roach  
  42  4:23  Drone  
  45  4:34  Roach x3  
  45  4:36  Roach  
  52  4:51  Roach x3  
  52  4:52  Roach  
  53  5:03  Drone x4  
  57  5:13  Roach  
  59  5:14  Overlord  
  59  5:17  Overlord  
  59  5:22  Glial Reconstitution  
  59  5:27  Extractor, Drone  
  59  5:30  Drone  
  59  5:33  Drone  
  59  5:34  Drone  
  62  5:42  Roach  
  66  5:43  Roach  
  66  5:53  Drone  
  66  5:54  Drone x2  
  69  5:57  Drone x3  
  69  6:02  Overlord  
  72  6:09  Overlord  
  72  6:11  Overlord  
  72  6:19  Spire  
  72  6:20  Drone  
  72  6:21  Drone x2  
  72  6:23  Extractor  
  72  6:24  Extractor, Roach  
  74  6:44  Drone  
  74  6:45  Drone x2  
  74  6:46  Drone x3  
  80  6:59  Hatchery  
  79  7:01  Burrow  
  79  7:09  Drone  
  79  7:10  Drone x2  
  79  7:15  Queen  
  84  7:29  Overlord x3  
  84  7:39  Mutalisk x4  
  92  7:46  Mutalisk  
  92  7:47  Mutalisk x3  
  100  7:54  Zergling x10  
  105  8:07  Hatchery  
  105  8:10  Queen  
  106  8:24  Mutalisk x3  
  106  8:25  Mutalisk  
  114  8:28  Zergling x10  
  114  8:29  Zergling x2  
  114  8:30  Zergling x2  
  121  8:40  Evolution Chamber  
  120  8:42  Overlord x2  
  120  8:43  Overlord  
  120  8:50  Drone  
  120  8:51  Drone  
  120  8:54  Overlord x2  
  120  9:03  Zergling x2  
  120  9:04  Zergling x6  
  120  9:09  Mutalisk  
  126  9:10  Mutalisk  
  110  9:32  Mutalisk x5  
  117  9:40  Mutalisk  
  107  9:46  Mutalisk  
  97  9:58  Spore Crawler x2  
  97  9:59  Spore Crawler  
  91  10:01  Spore Crawler  
  91  10:02  Spore Crawler  
  60  10:23  Drone x6, Spore Crawler  
  60  10:24  Spore Crawler  
  53  10:29  Spore Crawler  
  53  10:34  Spire  
  47  10:36  Infestation Pit  
  47  10:40  Drone  
  47  10:41  Drone  
  38  11:01  Drone  
  38  11:02  Drone x2  
  37  11:16  Spawning Pool  
  32  11:28  Evolution Chamber  
  31  11:34  Drone x5  
Tags
 
Add a new tag
Caveats
  • Supply blocks, unpowered buildings, or Contaminate may cause inaccurate times.
  • Supply counts are checked every 10 seconds.